[Event "*** Titled Tuesday Blitz AM"]
[Site "Chess.com"]
[Date "2020.01.07"]
[Round "8"]
[White "SergeyShtyka"]
[Black "IwkooO"]
[Result "0-1"]
[WhiteElo "2358"]
[BlackElo "2558"]
[TimeControl "180+2"]
[EndTime "10:53:18 PST"]
[Termination "IwkooO won by resignation"]

1. e4 c5 2. Nf3 e6 3. d4 cxd4 4. Nxd4 Nf6 5. Nc3 d6 6. Bd3 a6 7.
O-O Be7 8. f4 O-O 9. Be3 Nc6 10.
Qf3 e5 11. Nf5 Bxf5 12. exf5 d5 13. fxe5 Nxe5 14. Qf4 Bd6 15. Qh4 Be7 16. Bd4 Nxd3 17. cxd3 Rc8 18. Qf2 Qc7 19. h3 Bc5 20. Rae1 Bxd4 21.
Qxd4 Qd6 22. Re5 Rfe8 23. Rfe1 Rxe5 24. Rxe5 Rd8 25. g4 h6 26. h4 Nxg4 27. Rxd5 Qh2+ 28. Kf1 Qh3+ 29. Ke2 Qg2+ 30. Kd1 Rxd5 31. Nxd5 Qxd5 32. Qxg4 Qxa2 33. Kc2 Qd5 34. b3 Kh7 35. Kc3 g6 36. fxg6+ fxg6 37. Kc2 h5 38. Qf4 Kg7 39. Kc3 Qc6+ 40.
Kd2 Qf6 41. Qc7+ Qf7 42. Qe5+ Kh7 43. Kc2 Qf2+ 44. Kc3 Qxh4 45. Qc7+ Kh6 46. Qxb7 Qe1+ 47. Kc4 Qc1+ 48. Kb4 Qf4+ 49. Kc3 h4 50. d4 h3 51.
Qh1 Qe3+ 52. Kc4 Qe2+ 53. Kc5 Qg2 54. Qc1+ g5 55. Qe3 h2 56. Qe6+ Kh5 57. Qe8+ Kh4 58. Qh8+ Kg3 59. Qe5+ Kf2 60. Qf5+ Qf3 61. Qc2+ Kg3 62.
Qd2 h1=Q 63. Qxg5+ Qg4 64. Qe3+ Qhf3 65. Qe1+ Qf2 66.
Qe5+ Kg2 67. Qd5+ Kg1 68. Qd6 Qff5+ 69. d5 Qf2+ 70. Kc6 Qc2+ 71. Kb6 Qgg6 72. Qxg6+ Qxg6+ 73. Kc7 Qc2+ 0-1

[Event "*** Titled Tuesday Blitz AM"]
[Site "Chess.com"]
[Date "2020.01.07"]
[Round "8"]
[White "petrpalachev"]
[Black "Jabberwockiez"]
[Result "0-1"]
[WhiteElo "2766"]
[BlackElo "2312"]
[TimeControl "180+2"]
[EndTime "10:53:33 PST"]
[Termination "Jabberwockiez won on time"]

1. d4 Nf6 2. c4 e6 3. Nc3 Bb4 4.
Qc2 O-O 5. a3 Bxc3+ 6. Qxc3 b6 7. Bg5 Bb7 8. e3 d6 9. Nf3 Nbd7 10. Bd3 h6 11. Bh4 Rc8 12. Nd2 c5 13. O-O cxd4 14. Qxd4 Ne5 15. Be2 Ng6 16. Bxf6 gxf6 17. Rac1 Kh7 18.
Bf3 e5 19. Qd3 Ba6 20. Rfd1 Rg8 21. Ne4 f5 22. Nxd6 e4 23. Bxe4 fxe4 24. Qxe4 Qh4 25. Qf3 Rc7 26. Rd4 Qe7 27. Nf5 Qg5 28. h4 Qf6 29.
Rd6 Nxh4 30. Rxf6 Nxf3+ 31. Kh1 Rg6 32. Rxg6 fxg6 33. Nd6 Ne5 34. b3 Rc6 35. Ne4 Re6 36. f3 Bb7 37. Nf2 g5 38. Rd1 Kg6 39. Rd8 Nc6 40.
Rd7 Re7 41. Rd6+ Kg7 42. e4 Ne5 43. Kg1 Rd7 44. Re6 Nd3 45. Ng4 h5 46. Nf6 Kf7 47.
Nxd7 Kxe6 48. Nf8+ Kf7 49. Nd7 Nc1 50. b4 Nb3 51.
Kf2 Ke7 52. Ne5 Ke6 53. Nd3 Ba6 54. b5 Bb7 55. Ke3 Nc5 56. Nb4 Na4 57. Kd4 Nb2 58.
Nc2 g4 59. f4 h4 60. Ne3 h3 61. gxh3 gxh3 62. Ng4 Nd1 63. f5+ Kf7 64. e5 Bf3 65.
e6+ Ke7 66. Nh2 Be2 67. Ke5 Bxc4 68. f6+ Kf8 69. Ng4 Ne3 70. Nh2 Nf1 0-1

[Event "*** Titled Tuesday Blitz AM"]
[Site "Chess.com"]
[Date "2020.01.07"]
[Round "8"]
[White "Anton_Demchenko"]
[Black "GMHess"]
[Result "0-1"]
[WhiteElo "2959"]
[BlackElo "2747"]
[TimeControl "180+2"]
[EndTime "10:53:36 PST"]
[Termination "GMHess won by resignation"]

1. d4 d6 2. e4 Nf6 3. Nc3 c6 4. f4 Qa5 5. Qd2 b5 6. Bd3 e5 7.
Nce2 Qxd2+ 8. Bxd2 exd4 9. Nxd4 a6 10. e5 dxe5 11. fxe5 Ng4 12. Ngf3 c5 13. Be4 Ra7 14.
Nf5 g6 15. Ne3 Nxe5 16. Nxe5 Re7 17. Bc3 Bg7 18. Nd5 Bxe5 19. Nxe7 Bxc3+ 20. bxc3 Kxe7 21. O-O-O Be6 22. Bd5 Nd7 23. Rhe1 Nb6 24. c4 bxc4 25.
Bxe6 fxe6 26. Re5 Rc8 27. g4 Kf6 28. Rde1 Rc6 29. g5+ Kf7 30. R5e4 c3 31. Rf4+ Ke7 32.
Ref1 Nd5 33. Rf7+ Kd6 34. Rxh7 Rb6 35. Ra7 Nb4 36. a3 Nc6 37. Rd1+ Ke5 38. Re1+ Kd6 39. Rg7 Nd4 40. Re3 Rb5 41. Rxg6 Ra5 42. Rxc3 Ne2+ 43. Kb2 Nxc3 44. Kxc3 Rxa3+ 45. Kb2 Ra4 46. Rh6 Rg4 47.
h4 Ke5 48. g6 Kf6 49. h5 e5 50. Rh7 e4 51. Rf7+ Ke6 52. Rh7 e3 53. Kc3 Rd4 54.
Rh8 Ke7 55. Rh7+ Ke6 56. Rh8 Ke7 57. g7 e2 58. Re8+ Kxe8 59. g8=Q+ Kd7 60. Qf7+ Kd8 61. Qf8+ Kd7 62. Qf5+ Kd6 63. Qf6+ Kd7 64. Qf2 Re4 65. Qe1 Ke6 66. h6 Kf7 67. Kd3 Re6 68. Kd2 Rd6+ 69. Ke3 Rxh6 70. Qf2+ Rf6 71. Qh4 e1=Q+ 72. Qxe1 Re6+ 73.
Kd2 Rxe1 74. Kxe1 Ke6 75. Kd2 Kd5 76. Kc3 c4 77. Kb2 Kd4 78. Ka3 Kc3 0-1

[Event "*** Titled Tuesday Blitz AM"]
[Site "Chess.com"]
[Date "2020.01.07"]
[Round "8"]
[White "Bulldog167"]
[Black "Indianlad"]
[Result "1/2-1/2"]
[WhiteElo "2730"]
[BlackElo "2922"]
[TimeControl "180+2"]
[EndTime "10:53:41 PST"]
[Termination "Game drawn by agreement"]

1. e4 c6 2. d4 d5 3. exd5 cxd5 4. Bd3 Nc6 5. c3 Qc7 6. Na3 a6 7. Nc2 Nf6 8. h3 g6 9. Ne2 Bf5 10. Bxf5 gxf5 11. Bf4 Qd7 12. f3 e6 13. g4 Be7 14.
gxf5 Nh5 15. Qd3 Bh4+ 16. Kd1 O-O-O 17. Bh2 Rhe8 18. Ne3 e5 19. Kc2 e4 20. fxe4 Rxe4 21. Ng4 Qxf5 22. Nc1 Rde8 23. Ne5 Qf2+ 24. Qd2 Qf5 25.
Ncd3 Bg5 26. Qg2 Nxe5 27. dxe5 Re3 28. Rad1 Qe4 29. Qg4+ Qxg4 30. hxg4 Re2+ 31. Kb1 Ng7 32. Bf4 Ne6 33. Bxg5 Nxg5 34. Rh5 Rg8 35. Nf4 Rxe5 36.
Nxd5 Rd8 37. Nb6+ Kc7 38. Rxd8 Kxd8 39. Nc4 Re1+ 40. Kc2 f6 41. Nd6 b5 42. Rh6 Ke7 43.
Nf5+ Kf7 44. Nd6+ Ke6 45. Ne8 Re2+ 46. Kb3 Kf7 47. Nd6+ Ke7 48. Nf5+ Kf7 49. Nd6+ Ke6 50. Nf5 Re4 51. Ng7+ Kf7 52. Nh5 Re6 53. Nf4 Rc6 54. Nh3 Kg7 55. Rh5 h6 56. Nxg5 hxg5 57. Rh1 Rc4 58. Rg1 Kg6 59. Kc2 f5 60. gxf5+ Kxf5 61. Kd3 g4 62. b3 Rf4 63. c4 bxc4+ 64. bxc4 Rf3+ 65. Kd4 Rf2 66. c5 Rxa2 67. Rc1 Kf4 68. Kd3 Ra3+ 69. Kd4 Ra2 70. Kd3 Ra5 71. c6 Rd5+ 72.
Ke2 Rd8 73. c7 Rc8 74. Kf2 a5 75. Kg2 Kg5 76. Kg3 Kf5 77. Rc5+ Ke6 78. Kxg4 a4 79.
Ra5 Rxc7 80. Rxa4 Kd5 81. Ra1 1/2-1/2

[Event "*** Titled Tuesday Blitz AM"]
[Site "Chess.com"]
[Date "2020.01.07"]
[Round "8"]
[White "FelixJoseYnojosa"]
[Black "GeorgMeier"]
[Result "0-1"]
[WhiteElo "2652"]
[BlackElo "2970"]
[TimeControl "180+2"]
[EndTime "10:53:45 PST"]
[Termination "GeorgMeier won by resignation"]

1. c4 b6 2. Nc3 Bb7 3. e4 e5 4.
Nf3 Nc6 5. Be2 Bc5 6. Nxe5 Nxe5 7. d4 Bd6 8. dxe5 Bxe5 9. O-O Bxc3 10. bxc3 Ne7 11.
Bd3 O-O 12. Rb1 d6 13. Rb2 Qd7 14. Re2 Rae8 15. Rfe1 f6 16. Bc2 Ng6 17. Ba4 Bc6 18. Bb3 Kh8 19. f4 Qg4 20. h3 Qh4 21. Qd2 Re7 22. Bc2 Rfe8 23. Kh2 Qh5 24. g4 Qc5 25.
Qd4 Nf8 26. f5 Nd7 27. Bf4 Ne5 28. Qxc5 bxc5 29. Bxe5 dxe5 30. Rd2 Rb8 31. Red1 Kg8 32. Rd8+ Re8 33. Rxe8+ Rxe8 34. Kg3 Kf7 35. Kf2 Rb8 36. Rb1 Rh8 37. h4 g6 38. g5 h6 39.
gxf6 Kxf6 40. fxg6 Kxg6 41. Rg1+ Kf6 42. h5 Be8 43. Bd1 Bf7 44. Be2 Rg8 45. Rb1 Rg5 46. Rb7 Bxh5 47. Bxh5 Rxh5 48. Rxc7 Rh2+ 49. Kf3 Rxa2 50.
Rxc5 Rc2 51. Rc6+ Kg5 52. Ke3 Rxc3+ 53. Kd2 Ra3 54. c5 Kf4 55. Rxh6 Kxe4 56. c6 Ra5 57. Rh3 Ra2+ 58. Kc1 Rg2 59. c7 Rg8 60. Kb2 Rc8 61. Rc3 Kd5 62. Kb3 Kd6 63. Rd3+ Kxc7 64. Rd5 Re8 65.
Ra5 Kb6 66. Rd5 Kc6 67. Ra5 e4 68. Kc2 Kb6 69. Rd5 a5 70. Rf5 a4 71. Kc3 e3 72.
Rf1 e2 73. Re1 Ka5 74. Kc4 a3 75. Kb3 Re3+ 76. Ka2 Ka4 77. Rb1 Rd3 78. Re1 Rd2+ 79. Ka1 Kb3 80. Rb1+ Kc3 81. Rc1+ Kd3 82. Rb1 Rd1 83.
Ka2 Rxb1 0-1

[Event "*** Titled Tuesday Blitz AM"]
[Site "Chess.com"]
[Date "2020.01.07"]
[Round "8"]
[White "Olga_Zhuravleva"]
[Black "PotapovaM"]
[Result "1-0"]
[WhiteElo "2347"]
[BlackElo "2503"]
[TimeControl "180+2"]
[EndTime "10:53:53 PST"]
[Termination "Olga_Zhuravleva won by resignation"]

1. e4 c5 2. Nf3 d6 3. d4 cxd4 4. Nxd4 Nf6 5. Nc3 a6 6. Bd3 e5 7.
Nb3 Be7 8. O-O O-O 9. f4 b5 10. a3 Nbd7 11. Kh1 Bb7 12. Qf3 Rc8 13. Bd2 exf4 14.
Qxf4 Ne5 15. Rae1 Nc4 16. Bc1 g6 17. Nd4 Nh5 18. Qf3 Ne5 19. Qh3 Ng7 20. Bh6 Qd7 21.
Qxd7 Nxd7 22. Nd5 Bxd5 23. exd5 Bf6 24. Nc6 Kh8 25. c3 Nh5 26. Bxf8 Rxf8 27. g3 Nc5 28.
Bc2 Bg7 29. Kg2 f5 30. Re7 Nf6 31. Rfe1 Nxd5 32. Re8 h5 33. Rxf8+ Bxf8 34. Re8 Kg7 35. Nd8 Be7 36. Nc6 Kf7 37. Ra8 Ke6 38. b4 Nd7 39. Nd4+ Ke5 40. Re8 Kf6 41. Ra8 Ne3+ 42. Kf3 Nd5 43.
Rxa6 Ne5+ 44. Kf2 Nxc3 45. Nc6 Nc4 46. Nxe7 Kxe7 47. Bd3 Ne5 48. Be2 d5 49. Ra7+ Ke6 50. Ra6+ Ke7 51. Rb6 Nc4 52. Bxc4 dxc4 53. Rxg6 Nb1 54.
Ra6 c3 55. Ke3 c2 56. Rc6 Nxa3 57. Kd2 Kd7 58. Rc5 Ke6 59. Rc3 Nb1+ 60. Kxc2 Nxc3 61.
Kxc3 Ke5 62. Kd3 Kd5 63. h3 Ke5 64. Ke3 Kd5 65. Kf4 Kc4 66. Kxf5 Kxb4 67. g4 hxg4 68.
hxg4 Kc3 69. g5 b4 70. g6 b3 71. g7 b2 72. g8=Q Kc2 73. Qc4+ Kd1 74. Qb3+ Kc1 75. Qc3+ Kb1 76. Ke4 Ka1 77. Qa3+ Kb1 78. Kd3 Kc1 79. Kc3 Kd1 80. Qxb2 1-0

[Event "*** Titled Tuesday Blitz AM"]
[Site "Chess.com"]
[Date "2020.01.07"]
[Round "8"]
[White "BIG_Pirate"]
[Black "Alex_Molchanov"]
[Result "0-1"]
[WhiteElo "2407"]
[BlackElo "2577"]
[TimeControl "180+2"]
[EndTime "10:53:55 PST"]
[Termination "Alex_Molchanov won by checkmate"]

1. Nf3 d5 2. c4 e6 3. g3 Nf6 4.
Bg2 dxc4 5. O-O a6 6. a4 Be7 7. Na3 O-O 8. Nxc4 b6 9. Nfe5 Ra7 10. d3 Bb7 11. Bxb7 Rxb7 12. Qc2 Nfd7 13. Bf4 Bf6 14. Rac1 Nxe5 15. Bxe5 Nd7 16. Bxf6 Qxf6 17. b4 Qe7 18. Qc3 c5 19. b5 Ra8 20. bxa6 Rxa6 21.
Ra1 Rba7 22. Rfb1 h6 23. a5 bxa5 24. Rxa5 Rxa5 25. Nxa5 Qf6 26. Qxf6 Nxf6 27. Nc4 Nd5 28. Rb2 g5 29. f3 Kg7 30. Kf2 Ra1 31. Rc2 Rh1 32.
Kg2 Re1 33. Kf2 Rh1 34. Kg2 Ra1 35. h3 h5 36. Kf2 Rh1 37. Kg2 Ra1 38. Rb2 Re1 39.
Kf2 Rh1 40. Kg2 Ra1 41. Nd2 f5 42. Nc4 Kf6 43. Kf2 Rh1 44. Kg2 Ra1 45. Kf2 Rc1 46.
Kg2 Re1 47. Kf2 Ra1 48. Kg2 h4 49. gxh4 gxh4 50. e3 Rd1 51. Rb3 Rc1 52. f4 Rc2+ 53. Kg1 Re2 54. Ne5 Rxe3 55. Nd7+ Ke7 56. Nxc5 Nxf4 57.
Rb7+ Kd6 58. Nb3 Rg3+ 59. Kf1 Rf3+ 60. Kg1 Rxd3 61. Rb6+ Kc7 62. Rb4 Rg3+ 63. Kh2 Rxh3+ 64. Kg1 Rg3+ 65. Kh2 e5 66. Nc5 Kd6 67. Nb7+ Kd5 68. Rb5+ Kc6 69. Rb2 Nd3 70. Rb3 e4 71. Nd8+ Kd5 72.
Nf7 f4 73. Nh6 f3 74. Nf5 Rg2+ 75. Kh3 Ke5 76. Nxh4 Nf4# 0-1

[Event "*** Titled Tuesday Blitz AM"]
[Site "Chess.com"]
[Date "2020.01.07"]
[Round "8"]
[White "PIwan"]
[Black "enkhtuul"]
[Result "1/2-1/2"]
[WhiteElo "2507"]
[BlackElo "2364"]
[TimeControl "180+2"]
[EndTime "10:54:35 PST"]
[Termination "Game drawn by repetition"]

1. c4 e5 2. Nc3 Nf6 3. Nf3 Nc6 4. e3 Bb4 5. Qc2 O-O 6. Nd5 a5 7. Bd3 h6 8. O-O Re8 9. Rd1 Bf8 10. a3 d6 11. Rb1 Bg4 12. Nxf6+ Qxf6 13. Bh7+ Kh8 14. Be4 a4 15. b4 axb3 16. Rxb3 Na5 17. Rb5 c6 18.
Rb1 Qe6 19. h3 Bh5 20. g4 Bg6 21. Bxg6 fxg6 22. d3 Qf7 23. Nh2 Be7 24. Bd2 Bh4 25.
Bc3 Rf8 26. Rf1 g5 27. Qd2 Qc7 28. Kg2 b6 29. Nf3 Nb7 30. Nxh4 gxh4 31. Qb2 Nc5 32. Qxb6 Qf7 33. Qxc6 Nxd3 34. Bb4 Rac8 35. Qe4 Nxf2 36.
Qd5 Qxd5+ 37. cxd5 Ne4 38. Rbc1 Rxc1 39. Rxf8+ Kh7 40.
Kf3 Ng5+ 41. Kg2 Rc2+ 42. Rf2 Rc4 43. Bxd6 Ne4 44. Bxe5 Nxf2 45. Kxf2 Ra4 46. Bd6 Kg6 47. Bb4 Kf6 48. Kf3 Ke5 49. e4 g5 50. Bc3+ Kd6 51.
Bb4+ Ke5 52. d6 Ke6 53. Ke3 Ra8 54. Kd4 h5 55. gxh5 g4 56. Ke3 gxh3 57. Kf2 Rg8 58. h6 h2 59. h7 Rh8 60. Kg2 Rxh7 61. Kxh2 Rh5 62. Kh3 Re5 63. Kxh4 Rxe4+ 64. Kg3 Rc4 65. Kf3 Rc1 66. Ke3 Rd1 67. Ke2 Rd5 68. Ke3 Rd1 69. a4 Rb1 70. Bc5 Kd7 71. a5 Ra1 72. Bb6 Kxd6 73. Kd4 Kc6 74. Kc4 Ra4+ 75. Kb3 Rg4 76. Kc3 Kb5 77. Kb3 Rg3+ 78. Kc2 Kc4 79. Kd2 Ra3 80. Ke2 Kb5 81. Kd2 Ka6 82. Ke2 Kb5 83. Kd2 Kc4 84. Ke2 Kb5 1/2-1/2

[Event "*** Titled Tuesday Blitz AM"]
[Site "Chess.com"]
[Date "2020.01.07"]
[Round "8"]
[White "Atanejhad"]
[Black "Vuk2000"]
[Result "0-1"]
[WhiteElo "2412"]
[BlackElo "2666"]
[TimeControl "180+2"]
[EndTime "10:54:45 PST"]
[Termination "Vuk2000 won by checkmate"]

1. e4 c5 2. Nf3 d6 3. d4 cxd4 4. Nxd4 Nf6 5. Nc3 g6 6. Be3 Bg7 7.
f3 Nc6 8. Qd2 O-O 9. g4 Bxg4 10.
fxg4 Nxg4 11. Bg1 e6 12. h4 h5 13. Qd3 Bh6 14. Be2 Nce5 15. Qg3 Rc8 16. Rd1 Qa5 17. Nb3 Qb4 18. Rd4 Qb6 19. Rh3 a6 20. Rd1 Qc7 21.
a3 Rfd8 22. Nd4 d5 23. exd5 exd5 24. Kf1 Qe7 25. Kg2 f5 26. Bf3 Kh7 27. Nxd5 Qc5 28. Nf4 Qe7 29. c3 Qf7 30. Nfe6 Re8 31. Ng5+ Bxg5 32.
hxg5 Nxf3 33. Qxf3 Re4 34. Rf1 Rce8 35. Kh1 Kg7 36. a4 Qd5 37. Qg2 Qd7 38. Rhf3 R8e5 39. Bh2 Rd5 40. Bf4 Qxa4 41. Qg3 Qd7 42. Qg2 b5 43.
Bh2 Kh7 44. Bf4 Qd8 45. Qc2 Qd7 46. Qb3 Qf7 47. Qa3 Qb7 48. Qa5 Rdxd4 49. Qc7+ Qxc7 50.
Bxc7 Rd2 51. Bf4 Rd7 52. Kg1 Re2 53. Ra1 Re6 54. Rff1 Kg8 55. Rfe1 Rde7 56. Rxe6 Rxe6 57. Kg2 Kf7 58. Kf3 Rb6 59. Bg3 b4 60. c4 b3 61. Ra4 Ke6 62. Ra5 Rc6 63. c5 Kd5 64. Bd6 Ne5+ 65. Kf4 Nd3+ 66. Kg3 Nxb2 67. Ra3 Kc4 68. Bf8 Nd3 69. Bg7 Nxc5 70. Ra1 Kb5 71. Kf4 a5 72. Ke5 Ne4 73. Kf4 a4 74. Bf6 Nd2 75.
Be5 Nc4 76. Bf6 b2 77. Re1 a3 78. Kf3 a2 79. Bxb2 Nxb2 80. Ra1 Ra6 81. Kf4 Nc4 82. Kg3 Kb4 83. Kh4 Kb3 84. Rh1 a1=Q 85. Rh3+ Kb4 86. Ra3 Qd4+ 87. Kh3 Qg4+ 88. Kh2 Rxa3 89. Kh1 Rh3# 0-1

[Event "*** Titled Tuesday Blitz AM"]
[Site "Chess.com"]
[Date "2020.01.07"]
[Round "8"]
[White "Parhamov"]
[Black "gmcorrales"]
[Result "1-0"]
[WhiteElo "3076"]
[BlackElo "2890"]
[TimeControl "180+2"]
[EndTime "10:55:42 PST"]
[Termination "Parhamov won by resignation"]

1. e4 c5 2. Nf3 d6 3. d4 cxd4 4. Nxd4 Nf6 5. Nc3 g6 6. Bc4 Bg7 7. Bb3 O-O 8. f3 Nc6 9. Be3 Bd7 10. h4 Nxd4 11. Bxd4 b5 12. h5 e6 13. hxg6 hxg6 14. Qd2 a5 15. a4 bxa4 16. Nxa4 Rb8 17. g4 Rb4 18. Bc3 Bxa4 19. Bxa4 Rc4 20. Bxa5 Qa8 21.
Bb5 Nxe4 22. Qc1 Rc5 23. c4 Ng5 24. Ra3 Nxf3+ 25. Kf2 Bd4+ 26. Kg3 Be5+ 27. Kf2 Ng5 28. Re1 Bd4+ 29. Kg3 Ne4+ 30. Kh2 Kg7 31. Bc3 Rh8+ 32. Kg2 Qb7 33. Bxd4+ e5 34. Bxc5 Nd2+ 35. Kg3 f5 36. gxf5 Ne4+ 37. Rxe4 Qxe4 38. f6+ Kxf6 39. Qf1+ Ke6 40.
Bd7+ Kxd7 41. Qf7+ Kc6 42. Ra6+ Kxc5 43. Qc7+ Kd4 44.
Qxd6+ Ke3 45. Ra3+ Ke2 46. Qf6 Qf5 47. Qxh8 Qf2+ 48. Kg4 Qg2+ 49. Rg3 Qe4+ 50. Kg5 Qf4+ 51. Kxg6 Qxg3+ 52. Kf5 Qf4+ 53. Ke6 e4 54. c5 e3 55. c6 Qc4+ 56. Kd6 Qb4+ 57. Kd7 Qg4+ 58. Kd8 Qg5+ 59. Kc8 Qf5+ 60. Kb7 Qb5+ 61. Kc7 Kd3 62. Qc3+ Ke4 63. Kc8 e2 64. c7 Qe8+ 65. Kb7 Qb5+ 66. Ka7 Qd7 67. b4 Kf4 68. b5 e1=Q 69. Qxe1 Qxc7+ 70. Ka6 Qc8+ 71. Ka5 Qa8+ 72. Kb4 Qf8+ 73. Ka4 Qa8+ 74.
Qa5 Qe8 75. Qc7+ Ke3 76. Ka5 Qa8+ 77. Kb6 Kd3 78. Qd6+ Ke3 79. Qc6 Qb8+ 80. Ka6 Kd4 81. b6 Qh2 82. Qd7+ Ke4 83. b7 Qa2+ 84. Kb6 Qb3+ 85. Qb5 Qe3+ 86. Qc5 Qb3+ 87. Kc6 Qe6+ 88.
Kc7 Qf7+ 89. Kb6 Qb3+ 90. Qb5 Qe3+ 91. Kc6 Qc3+ 92. Qc5 Qf6+ 93. Kb5 Qd8 94. Qc6+ Ke5 95. Ka6 Qb8 96. Qc5+ Kf6 97. Qd4+ Ke7 98. Kb6 Ke6 99. Qc4+ Ke7 100. Qc7+ Qxc7+ 101. Kxc7 1-0

[Event "*** Titled Tuesday Blitz AM"]
[Site "Chess.com"]
[Date "2020.01.07"]
[Round "8"]
[White "lucasmito"]
[Black "Arystanner"]
[Result "1/2-1/2"]
[WhiteElo "2472"]
[BlackElo "2731"]
[TimeControl "180+2"]
[EndTime "10:55:44 PST"]
[Termination "Game drawn - insufficient material"]

1. e4 e5 2. Nf3 Nc6 3. Bb5 a6 4. Ba4 Nf6 5. O-O Be7 6. Bxc6 dxc6 7. d3 Nd7 8. Nbd2 O-O 9. b3 f6 10. Bb2 Nc5 11. h3 Ne6 12. Re1 c5 13. Nc4 b5 14.
Ne3 Nd4 15. c3 Nxf3+ 16. Qxf3 Be6 17. Rad1 Qd7 18. d4 cxd4 19. cxd4 exd4 20. Bxd4 Qe8 21. Nd5 Bd6 22. Bb2 Qf7 23. e5 fxe5 24. Qxf7+ Bxf7 25. Bxe5 Bxe5 26. Rxe5 Rad8 27. Ne7+ Kh8 28. Rxd8 Rxd8 29.
Nc6 Rd6 30. Re7 Rxc6 31. Rxf7 Kg8 32. Rd7 Rc1+ 33. Kh2 Rc2 34. f3 c5 35. Rc7 h5 36.
Rc6 a5 37. Rb6 b4 38. Rb5 Rxa2 39. Rxc5 h4 40. f4 Kf7 41. Kg1 g6 42. Rc6 Ra3 43. Ra6 Rxb3 44. Rxa5 Rb2 45. f5 g5 46. Ra6 b3 47.
Rb6 Rb1+ 48. Kh2 b2 49. g4 hxg3+ 50. Kg2 Kg7 51. Rg6+ Kf8 52. Rb6 Kf7 53. f6 Kg6 54. Rb3 Kxf6 55. Rb5 Ke6 56. Rb8 Kd7 57. Rb3 Kc6 58.
Rb8 Kd5 59. Rb7 Ke4 60. Rb8 Ke3 61. Re8+ Kd2 62. Rd8+ Ke3 63. Re8+ Kd4 64. Rd8+ Ke5 65. Re8+ Kf6 66. Rb8 Ke7 67. Rb6 Kd7 68. Rb3 Kc7 69. Rb4 Kc6 70. Rb3 Kc5 71. Rb8 g4 72. hxg4 Kd6 73.
g5 Rc1 74. Rxb2 Ke6 75. Rb6+ Kf7 76. Kxg3 Kg7 77. Rf6 Rc8 78. Kg4 Kg8 79. Ra6 Rb8 80.
Kh5 Rc8 81. Rf6 Rb8 82. Kg6 Rc8 83. Rb6 Rd8 84. Rc6 Ra8 85. Rd6 Rb8 86. Kf6 Ra8 87. g6 Rb8 88. g7 Ra8 89. Kg6 Rb8 90. Ra6 Rc8 91. Rf6 Rb8 92. Re6 Ra8 93. Rd6 Ra6 94. Rf6 Ra8 95. Re6 Rb8 96. Kh6 Ra8 97.
Rg6 Rb8 98. Ra6 Rc8 99. Rb6 Rd8 100. Rc6 Re8 101. Rf6 Ra8 102. Re6 Rb8 103. Rd6 Ra8 104. Rf6 Rb8 105. Kg6 Ra8 106. Rf8+ Rxf8 107. gxf8=N 1/2-1/2

[Event "*** Titled Tuesday Blitz AM"]
[Site "Chess.com"]
[Date "2020.01.07"]
[Round "8"]
[White "SlavenPastar"]
[Black "NemtsevIgor"]
[Result "1/2-1/2"]
[WhiteElo "2533"]
[BlackElo "2380"]
[TimeControl "180+2"]
[EndTime "10:56:41 PST"]
[Termination "Game drawn by repetition"]

1. d4 c6 2. c4 d6 3. Nc3 h6 4. g3 g5 5. Bg2 Bg7 6. Nf3 Nd7 7. O-O Nf8 8. e4 Ng6 9. d5 g4 10. Nd4 c5 11. Nf5 Bxf5 12. exf5 Ne5 13. Bf4 h5 14. Re1 Qb6 15. Qa4+ Kf8 16. Ne4 h4 17.
Rab1 Nd3 18. Re3 Nxf4 19. gxf4 Bd4 20. Rb3 Qc7 21. Rd3 g3 22. hxg3 hxg3 23. Nxg3 Nf6 24. Qd1 Rg8 25. b4 Rxg3 26. Rxg3 b6 27. Rbb3 Ke8 28.
Rbd3 Kd7 29. Rxd4 cxd4 30. Qxd4 Rc8 31. Rc3 a5 32. a3 axb4 33. axb4 Ra8 34. Rc1 Ra4 35.
Qd2 Qb8 36. Bf3 Qg8+ 37. Kf1 Qh7 38. Qc2 Rxb4 39. Ra1 Qh3+ 40. Bg2 Qb3 41. Ra7+ Kd8 42. Qxb3 Rxb3 43. Rb7 Nh5 44. Be4 Nxf4 45. Ke1 Rb4 46. Kd2 Rxc4 47. Ke3 Nh5 48. Rxb6 Nf6 49. f3 Nd7 50.
Ra6 f6 51. Ra8+ Rc8 52. Ra2 Nc5 53. Rh2 Kd7 54. Rh7 Ra8 55. Rh2 Ra3+ 56. Kf4 Rc3 57.
Ra2 Nb3 58. Ra7+ Ke8 59. Ra4 Kf7 60. Rb4 Nc5 61. Rb8 Nd7 62. Rb1 Ne5 63. Rf1 Ra3 64. Rd1 Ra4 65. Rd2 Nc4 66. Rd1 Nb6 67. Rb1 Nc4 68. Rb3 Ra3 69. Rb4 Ne5 70. Rb8 Ra1 71. Rb4 Rh1 72. Rb8 Rh4+ 73. Ke3 Nc4+ 74. Kd4 Nd2 75.
Ke3 Nc4+ 76. Kd4 Ne5 77. Ke3 Rh2 78. Rb3 Nd7 79. Ra3 Nc5 80. Kf4 Rh4+ 81. Kg3 Rh6 82. Kf4 Rh2 83. Kg3 Re2 84. Kf4 Rf2 85. Kg3 Rf1 86. Kf4 Nxe4 87. Kxe4 Re1+ 88. Kf4 Re5 89. Ra5 Ke8 90. Kg4 Kd7 91. Rb5 Kc7 92. Kf4 Re1 93. Kg4 Rc1 94. Rb4 Rc5 95. Rd4 Ra5 96.
Kh5 Kd7 97. Kg6 Ra3 98. Rf4 Rd3 99. Kf7 Rxd5 100. Kg6 Rd1 101. Ra4 d5 102. Ra7+ Kd6 103. Ra6+ Kc5 104. Re6 Rf1 105. Rxe7 Rxf3 106. Kxf6 d4 107. Rd7 d3 108. Ke5 Kc4 109. Ke4 Rh3 110. Rc7+ Kb3 111. f6 d2 112. Rd7 Kc2 113. f7 Rh8 114. Rc7+ Kd1 115. Kf5 Ke1 116. Re7+ Kf2 117. Rd7 Ke1 118. Re7+ Kf1 119. Rd7 Ke1 120. Re7+ 1/2-1/2

[Event "*** Titled Tuesday Blitz AM"]
[Site "Chess.com"]
[Date "2020.01.07"]
[Round "9"]
[White "KerryStead"]
[Black "Eliwood44"]
[Result "1-0"]
[WhiteElo "2097"]
[BlackElo "2305"]
[TimeControl "180+2"]
[EndTime "10:57:53 PST"]
[Termination "KerryStead won by resignation"]

1. d4 Nf6 2. f3 d5 3. e4 dxe4 4. Nc3 e5 5. dxe5 Qxd1+ 6. Kxd1 Nfd7 7. Nd5 Kd8 8. Bg5+ f6 9. exf6 gxf6 10. Nxf6 Be7 11.
Nxe4 Bxg5 12. Nxg5 Nc6 1-0

[Event "*** Titled Tuesday Blitz AM"]
[Site "Chess.com"]
[Date "2020.01.07"]
[Round "9"]
[White "Sjakkerntobi"]
[Black "przemekpiotrowski"]
[Result "1-0"]
[WhiteElo "2274"]
[BlackElo "2372"]
[TimeControl "180+2"]
[EndTime "10:58:27 PST"]
[Termination "Sjakkerntobi won by resignation"]

1. e4 c5 2. Nf3 Nc6 3. d4 cxd4 4.
Nxd4 Nf6 5. Nc3 d6 6. Bg5 e6 7. f4 Bd7 8. Be2 a6 9. O-O b5 10. Kh1 Qb6 11. Nxc6 Bxc6 12. Bf3 Be7 13. e5 dxe5 14. fxe5 Nd7 15. Bxe7 Kxe7 16. Qd6+ Ke8 17.
Bxc6 1-0

[Event "*** Titled Tuesday Blitz AM"]
[Site "Chess.com"]
[Date "2020.01.07"]
[Round "9"]
[White "esskeettit"]
[Black "MarcoRiehle"]
[Result "1-0"]
[WhiteElo "2492"]
[BlackElo "2617"]
[TimeControl "180+2"]
[EndTime "10:59:02 PST"]
[Termination "esskeettit won by checkmate"]

1. d4 d5 2. c4 e6 3. Nc3 c5 4. cxd5 cxd4 5. Qxd4 Nc6 6. Qa4 exd5 7. Nf3 d4 8. Nb5 Bb4+ 9. Bd2 Bxd2+ 10. Nxd2 Nf6 11. Qa3 a6 12. Nd6+ Kd7 13. Nxf7 Qe8 14. Qd6# 1-0

[Event "*** Titled Tuesday Blitz AM"]
[Site "Chess.com"]
[Date "2020.01.07"]
[Round "9"]
[White "Me_ch_an"]
[Black "INLOVEWITHF"]
[Result "0-1"]
[WhiteElo "2344"]
[BlackElo "2450"]
[TimeControl "180+2"]
[EndTime "10:59:53 PST"]
[Termination "INLOVEWITHF won by resignation"]

1. e4 c5 2. Nc3 d6 3. g3 g6 4. d3 Bg7 5. Be3 Nc6 6. Bg2 Rb8 7. Qd2 b5 8. Nge2 b4 9. Nd1 f5 10. exf5 Ne5 11. fxg6 hxg6 12. h3 Bxh3 13. O-O Qd7 14.
Nf4 Bxg2 15. Kxg2 g5 0-1

[Event "*** Titled Tuesday Blitz AM"]
[Site "Chess.com"]
[Date "2020.01.07"]
[Round "9"]
[White "Last7Samurai"]
[Black "Mr_Sinigami"]
[Result "0-1"]
[WhiteElo "2798"]
[BlackElo "2569"]
[TimeControl "180+2"]
[EndTime "11:00:22 PST"]
[Termination "Mr_Sinigami won by resignation"]

1. d4 Nf6 2. Bg5 c5 3. Nc3 cxd4 4. Qxd4 Nc6 5. Qh4 d6 6. O-O-O Be6 7. Kb1 Qa5 8. a3 Rc8 9. e4 Ne5 10. Bb5+ Nfd7 11. f4 Rxc3 12. Bxd7+ Nxd7 13. bxc3 Qxa3 14.
Rd5 Bxd5 15. exd5 Nc5 16. Qg4 Kd8 0-1

[Event "*** Titled Tuesday Blitz AM"]
[Site "Chess.com"]
[Date "2020.01.07"]
[Round "9"]
[White "Region_07"]
[Black "BestByTestbro"]
[Result "1-0"]
[WhiteElo "2380"]
[BlackElo "2192"]
[TimeControl "180+2"]
[EndTime "11:00:25 PST"]
[Termination "Region_07 won by resignation"]

1. d4 Nf6 2. Bg5 c5 3. e3 Qb6 4. Nf3 Ne4 5. Nc3 Nxg5 6. Nxg5 cxd4 7. exd4 Qxb2 8. Nd5 Na6 9. Bxa6 bxa6 10. Nc7+ Kd8 11. Nxa8 Qc3+ 12. Kf1 Qc4+ 13. Qd3 Qd5 14. h4 h6 15. c4 1-0

[Event "*** Titled Tuesday Blitz AM"]
[Site "Chess.com"]
[Date "2020.01.07"]
[Round "9"]
[White "TST2014"]
[Black "chigorin28"]
[Result "0-1"]
[WhiteElo "2523"]
[BlackElo "2434"]
[TimeControl "180+2"]
[EndTime "11:00:43 PST"]
[Termination "chigorin28 won by checkmate"]

1. d4 Nf6 2. c4 e6 3. Nf3 c5 4. e3 cxd4 5. exd4 d5 6. Nc3 Be7 7. Bd3 O-O 8. O-O Nc6 9. a3 dxc4 10.
Bxc4 a6 11. Ba2 b5 12. Be3 Bb7 13. Qe2 Rc8 14. Rfd1 Na5 15. Rac1 Nc4 16. a4 Nxe3 17. fxe3 bxa4 18. Nxa4 Rxc1 19. Rxc1 Qa5 20. Nc3 Rd8 21.
Ne5 Qb4 22. h3 h6 23. Qc4 Qxb2 24. Rb1 Qxg2# 0-1

[Event "*** Titled Tuesday Blitz AM"]
[Site "Chess.com"]
[Date "2020.01.07"]
[Round "9"]
[White "Azatic"]
[Black "Arystanner"]
[Result "0-1"]
[WhiteElo "2582"]
[BlackElo "2736"]
[TimeControl "180+2"]
[EndTime "11:01:15 PST"]
[Termination "Arystanner won by resignation"]

1. e4 e5 2. Nf3 Nc6 3. Bb5 a6 4.
Ba4 Nf6 5. O-O Be7 6. Re1 b5 7. Bb3 O-O 8. d4 Nxd4 9. Nxd4 exd4 10. e5 Ne8 11. Qxd4 Bb7 12. c4 c5 13. Qg4 bxc4 14. Bxc4 d5 15. exd6 Nxd6 16. Bd3 Bf6 17. Nc3 Re8 18. Bf4 Rxe1+ 19. Rxe1 Nb5 20. Qh3 g6 21. Nxb5 axb5 22. Bxb5 Qa5 0-1